 Dungeon Crawl Stone Soup version 0.18.1-50-g88ac8fd (webtiles) character file.

92539 grisgris the Unseen (level 15, 0/98 HPs)
             Began as a Vampire Enchanter on Oct 25, 2016.
             Was the Champion of Sif Muna.
             Slain by a spriggan rider
             ... wielding a +0 spear
              (7 damage)
             ... on level 1 of the Swamp.
             The game lasted 02:16:46 (32334 turns).

grisgris the Unseen (Vampire Enchanter)            Turns: 32334, Time: 02:16:46

Health: 0/98       AC: 10    Str: 12    XL:     15   Next: 58%
Magic:  12/31      EV: 21    Int: 21    God:    Sif Muna [******]
Gold:   824        SH:  9    Dex: 23    Spells: 7 memorised, 13 levels left

rFire  . . .     SeeInvis +     T - +9 dagger of Eternal War {pierce, rElec rF- rC+++ Dex-2}
rCold  + + +     Gourm    .     b - +1 robe
rNeg   + + +     Faith    .     x - +3 buckler
rPois  +         Spirit   .     g - +0 helmet
rElec  +         Dismiss  +     s - +1 cloak
rCorr  +         Reflect  .     y - +2 pair of gloves
SustAt .         Harm     .     j - +0 pair of boots
MR     +....                    k - amulet of dismissal
Stlth  ++++++++++               m - ring of protection from fire
                                I - ring "Vucexaep" {rCorr Str+5 Dex+5}

@: very slightly contaminated, regenerating slowly, somewhat resistant to
hostile enchantments, uncannily stealthy
A: fangs 3, thin skeletal structure 1, see invisible, poison resistance,
unbreathing, no device heal 1
a: Bat Form, Channel Energy, Forget Spell, Renounce Religion


You were on level 1 of the Swamp.
You worshipped Sif Muna.
Sif Muna was exalted by your worship.
You were near bloodless.

You visited 5 branches of the dungeon, and saw 27 of its levels.
You also visited: Ice Cave.

You collected 2477 gold pieces.
You spent 1653 gold pieces at shops.

Inventory:

Hand Weapons
 K - a +5 dagger of venom
 T - the +9 dagger of Eternal War (weapon) {pierce, rElec rF- rC+++ Dex-2}
   (You bought it in a shop on level 7 of the Dungeon)

   It inflicts extra damage upon your enemies.
   It affects your dexterity (-2).
   It makes you vulnerable to fire.
   It renders you almost immune to cold.
   It insulates you from electricity.
Armour
 b - a +1 robe (worn)
 g - a +0 helmet (worn)
 j - a +0 pair of boots (worn)
 s - a +1 cloak (worn)
 x - a +3 buckler (worn)
 y - a +2 pair of gloves (worn)
Jewellery
 k - an amulet of dismissal (around neck)
 m - a ring of protection from fire (right hand)
 q - a +2 ring of slaying
 u - a cursed ring of loudness {unknown}
 I - the ring "Vucexaep" (left hand) {rCorr Str+5 Dex+5}
   (You bought it in a shop on level 6 of the Dungeon)

   [ring of resist corrosion]

   It affects your strength (+5).
   It affects your dexterity (+5).
 R - an uncursed amulet of faith
Wands
 a - a wand of confusion (31/48)
 i - a wand of digging (11/24)
 n - a wand of iceblast (3/15)
 w - a wand of digging (23/24)
 C - a wand of digging (11/24)
 G - a wand of confusion (26/48)
 S - a wand of lightning (11/15)
Scrolls
 h - 13 scrolls of teleportation
 o - 11 scrolls of remove curse
 p - 9 scrolls of identify
 v - a scroll of recharging
 D - 2 scrolls of fog
Potions
 c - a potion of curing
 d - a potion of brilliance
 e - a potion of cure mutation
 t - 5 potions of agility
 B - a potion of might
Books
 f - Sif Muna's Grimoire of Bewitching Self-Improvement
   (Sif Muna gifted it to you on level 12 of the Dungeon)

   Spells                             Type                      Level
   a - Dazzling Spray                 Conjuration/Hexes            3
   b - Leda's Liquefaction            Hexes/Earth                  4
   c - Iskenderun's Battlesphere      Conjuration/Charms           5
   d - Summon Mana Viper              Hexes/Summoning              5
   e - Yara's Violent Unravelling     Hexes/Transmutation          5
   f - Silence                        Hexes/Air                    5
   g - Discord                        Hexes                        8
 l - a book of the Tempests

   Spells                             Type                      Level
   a - Static Discharge               Conjuration/Air              3
   b - Lightning Bolt                 Conjuration/Air              5
   c - Fireball                       Conjuration/Fire             5
   d - Tornado                        Air                          9
   e - Shatter                        Earth                        9
 r - a book of Misfortune

   Spells                             Type                      Level
   a - Confusing Touch                Hexes                        2
   b - Confuse                        Hexes                        3
   c - Gell's Gravitas                Hexes/Translocation          3
   d - Petrify                        Transmutation/Earth          4
   e - Metabolic Englaciation         Hexes/Ice                    5
   f - Yara's Violent Unravelling     Hexes/Transmutation          5
 z - a Grand Grimoire

   Spells                             Type                      Level
   a - Monstrous Menagerie            Summoning                    7
   b - Summon Greater Demon           Summoning                    7
   c - Malign Gateway                 Summoning/Translocation      7
   d - Summon Horrible Things         Summoning                    8
 A - a book of Beasts

   Spells                             Type                      Level
   a - Summon Butterflies             Summoning                    1
   b - Call Canine Familiar           Summoning                    3
   c - Summon Ice Beast               Ice/Summoning                4
   d - Summon Mana Viper              Hexes/Summoning              5
   e - Summon Hydra                   Summoning                    7
 E - Sif Muna's Reference Book on Boosting Confrontation
   (Sif Muna gifted it to you on level 1 of the Swamp)

   Spells                             Type                      Level
   a - Swiftness                      Charms/Air                   2
   b - Static Discharge               Conjuration/Air              3
   c - Dazzling Spray                 Conjuration/Hexes            3
   d - Spectral Weapon                Hexes/Charms                 3
   e - Force Lance                    Conjuration/Translocation    4
   f - Bolt of Cold                   Conjuration/Ice              6
 N - Sif Muna's Compendium of Evil Rites
   (Sif Muna gifted it to you on level 11 of the Dungeon)

   Spells                             Type                      Level
   a - Bolt of Draining               Conjuration/Necromancy       5
   b - Cigotuvi's Embrace             Necromancy                   5
   c - Simulacrum                     Ice/Necromancy               6
   d - Haunt                          Necromancy/Summoning         7


   Skills:
 - Level 3.6 Fighting
 - Level 5.4 Short Blades
 - Level 9.3 Dodging
 - Level 20.4 Stealth
 - Level 3.6 Shields
 * Level 12.9 Spellcasting
 * Level 17.4 Hexes
 + Level 7.8 Summonings
 + Level 5.3 Necromancy
 - Level 6.0 Ice Magic


You had 13 spell levels left.
You knew the following spells:

 Your Spells              Type           Power        Failure   Level  Hunger
a - Ensorcelled Hibernat  Hex/Ice        ######       1%          2    None
b - Confuse               Hex            ######..     0%          3    None
c - Summon Mana Viper     Hex/Summ       ######..     1%          5    ####...
d - Summon Butterflies    Summ           #####...     1%          1    None
e - Dispel Undead         Necr           #####...     17%         5    ####...
f - Sublimation of Blood  Necr           #####.....   1%          2    None
g - Discord               Hex            ######....   28%         8    #######


Dungeon Overview and Level Annotations

Branches:
Dungeon (15/15)            Temple (1/1) D:7            Lair (8/8) D:10
  Swamp (1/4) Lair:5       Spider (0/4) Lair:5        Slime (0/6) Lair:7
    Orc (2/2) D:11            Elf (0/3) Orc:2        Vaults (0/5) D:13
 Depths: D:15

Altars:
Ashenzari
Cheibriados
Dithmenos
Elyvilon
Fedhas
Gozag
Kikubaaqudgha
Makhleb
Nemelex Xobeh
Okawaru
Pakellas
Qazlal
Ru
Sif Muna
Trog
Vehumet
Xom
Yredelemnul
Zin
The Shining One
Jiyva

Shops:
D:4 (   D:6 =   D:7 (   D:13 }   Orc:1 (:[

Annotations:
D:3 Crazy Yiuf
D:5 Menkaure
Swamp:1 Aizul


Innate Abilities, Weirdness & Mutations

You heal slowly.
You have razor-sharp teeth.
You have supernaturally acute eyesight.
You can survive without breathing.
You have a somewhat thin skeletal structure (Dex +2, Stealth).
Your system is resistant to poisons.
Potions and wands are less effective at restoring your health.


Message History

Your mana viper completely misses Aizul.
Aizul hits your mana viper!!
Your mana viper bites Aizul!
Aizul's magic leaks into the air.
Something hits your mana viper!
Casting: Confuse
Confirm with . or Enter, or press ? or * to list all spells.
A mana viper appears with a sibilant hiss.
Your mana viper closely misses Aizul.
Your mana viper misses Aizul.
You block the spriggan rider's attack.
Aizul says, "Replaced!
How does it feel to be replaced?"
Aizul falters for a moment.
Casting: Summon Mana Viper
Confirm with . or Enter, or press ? or * to list all spells.
Aiming: Ensorcelled Hibernation
Press: ? - help, Shift-Dir - straight line, f - spriggan rider
Aim: a spriggan rider, wielding a spear (chance to defeat MR: 11%)
The spriggan rider resists with almost no effort.
The spriggan rider hits you from afar with a spear!
You die...

♣♣♣.≈♣≈≈......♣.♣
♣.≈≈≈≈...♣♣♣♣.♣.♣♣♣
.≈≈....♣♣♣
♣≈♣...♣♣♣♣ ≈≈≈....♣
♣.†♣♣...†♣♣♣♣♣
≈.....♣♣
♣♣..(♣♣♣≈≈≈≈.♣.≈
≈≈.♣.♣♣
♣.≈..♣≈≈♣.≈≈.≈≈
≈≈.♣≈♣
♣.≈≈≈≈≈≈≈≈≈≈≈≈♣.♣
♣..♣♣.
♣.≈≈.≈≈≈♣≈≈≈≈≈♣≈♣
..♣♣.♣♣
♣..@.S≈≈≈.§≈§≈≈≈♣
≈....≈♣
♣.≈.♣≈≈≈≈.≈≈≈≈..♣♣
≈≈>≈≈.♣♣
♣.≈.i♣≈≈≈.≈≈≈n.≈≈♣
≈≈.≈≈♣.♣
♣.≈......≈S≈♣≈≈≈§♣
≈...♣.♣♣
♣...♣♣♣♣.≈≈S.≈≈..♣♣
≈≈≈....♣ ♣...♣
♣.♣≈..≈≈§..♣
..≈♣≈♣.♣♣ ♣..♣♣
♣♣..♣.≈≈...♣
♣.≈≈≈≈≈.♣ ♣≈..
♣!.♣§..♣.≈.♣
..≈≈≈≈.§≈..♣≈§≈≈
♣.≈.♣♣♣.♣ .♣


You could see Aizul, a spriggan rider and a friendly mana viper.

Vanquished Creatures
  Donald (Orc:2)
  Maud (D:13)
  A frost giant (IceCv)
  A dire elephant (Lair:6)
  Harold (Lair:1)
  3 hydras
  A catoblepas (D:12)
  The ghost of lorenzova the Eclecticist, a journeyman DECj of Sif Muna (Lair:4)
  A centaur warrior (D:14)
  3 alligators (Swamp:1)
  2 death yaks
  An orc high priest (Orc:2)
  Sonja (Lair:1)
  Nergalle (Lair:3)
  4 unseen horrors
  2 swamp dragons (Swamp:1)
  5 hill giants
  7 ugly things
  A deep elf mage (D:14)
  3 griffons
  2 cyclopes
  A manticore (D:13)
  3 black mambas
  7 elephants
  26 spiny frogs
  2 torpor snails
  2 gargoyles
  5 komodo dragons
  3 trolls
  5 two-headed ogres
  Grinder (D:6)
  8 polar bears
  Prince Ribbit (D:8)
  20 blink frogs
  6 slime creatures
  2 bog bodies (Swamp:1)
  A spriggan (Lair:7)
  Sigmund (D:6)
  4 wyverns
  A shadow (D:11)
  4 basilisks
  55 yaks
  A steam dragon (Lair:5)
  4 vampire mosquitoes
  17 hippogriffs
  2 hogs (D:13)
  2 wargs (Orc:2)
  3 hungry ghosts
  5 soldier ants
  3 swamp worms (Swamp:1)
  11 porcupines
  12 water moccasins
  13 orc warriors
  3 ice beasts
  3 swamp drakes (Swamp:1)
  5 sky beasts
  5 black bears
  9 ogres
  2 wasps
  5 phantoms
  33 wolves
  9 centaurs
  20 crocodiles
  A big kobold (D:7)
  24 giant frogs
  A wyvern zombie (D:14)
  4 scorpions
  9 killer bees
  2 wights
  2 electric eels (Lair:6)
  3 howler monkeys
  4 centaur zombies
  5 crimson imps
  2 giant frog zombies
  A lava snake (Lair:5)
  8 centaur skeletons
  4 jellies
  A quasit (D:6)
  14 orc priests
  8 hounds
  7 orc wizards
  Jessica (D:2)
  6 iguanas
  26 worker ants
  27 sheep
  2 hound skeletons
  A hound zombie (D:6)
  A howler monkey zombie (D:8)
  A worker ant zombie (D:6)
  9 adders
  58 river rats
  2 shadow imps (D:5)
  6 oozes
  An adder zombie (D:8)
  6 worms
  A dart slug (D:2)
  5 giant geckos
  62 orcs
  A ball python (D:5)
  7 bats
  8 giant cockroaches
  9 goblins
  4 hobgoblins (D:1)
  7 jackals
  12 kobolds
  6 quokkas
  A giant gecko skeleton (D:6)
  6 giant newts
  A quokka skeleton (D:9)
  3 quokka zombies
  3 rats (D:1)
  2 butterflies (D:7)
753 creatures vanquished.

Vanquished Creatures (collateral kills)
  Kirke (D:13)
  A dire elephant (Lair:6)
  Snorg (D:13)
  An ogre mage (Orc:2)
  A queen ant (D:11)
  5 death yaks (Lair:8)
  4 orc high priests (Orc:2)
  A wizard (D:13)
  A lindwurm (shapeshifter) (D:14)
  4 ugly things (D:14)
  A cyclops (D:15)
  An ice statue (IceCv)
  3 elephants (Lair:8)
  2 spiny frogs (Lair:8)
  A gargoyle (D:11)
  A komodo dragon (Lair:8)
  A harpy zombie (D:15)
  2 tengu conjurers (D:14)
  A giant leech (Lair:8)
  2 trolls
  A two-headed ogre (Orc:2)
  8 polar bears (IceCv)
  3 blink frogs (Lair:8)
  17 slime creatures
  A wraith (D:14)
  5 yaks
  A fire elemental (Lair:5)
  A basilisk (Lair:8)
  A hungry ghost (D:10)
  13 vampire mosquitoes
  2 insubstantial wisps (Swamp:1)
  A soldier ant (D:11)
  2 wargs (Orc:2)
  A water moccasin (Lair:8)
  7 ice beasts (D:11)
  A necrophage (D:11)
  5 orc warriors
  2 ogres (Orc:2)
  4 boggarts (D:15)
  3 wolves (IceCv)
  A crocodile (Lair:8)
  3 giant frogs (Lair:8)
  A jelly (D:11)
  6 wights
  4 killer bees
  4 electric eels
  10 orc priests
  2 orc wizards
  A giant frog skeleton (D:11)
  10 worker ants (D:11)
  2 sheep (D:15)
  A shadow imp (D:14)
  21 orcs
  2 plants (Lair:8)
182 creatures vanquished.

Vanquished Creatures (others)
  A polar bear (IceCv)
  A wolf (IceCv)
  An orc (Orc:2)
  33 fungi
  39 plants
  14 toadstools (Lair:6)
89 creatures vanquished.

Grand Total: 1024 creatures vanquished

Notes
Turn   | Place    | Note
--------------------------------------------------------------
     0 | D:1      | grisgris the Vampire Enchanter began the quest for the Orb.
     0 | D:1      | Reached XP level 1. HP: 13/13 MP: 3/3
   124 | D:1      | Reached XP level 2. HP: 10/19 MP: 3/5
   128 | D:1      | Learned a level 2 spell: Ensorcelled Hibernation
   461 | D:1      | Reached skill level 5 in Hexes
   798 | D:2      | Found a shimmering altar of Xom.
   828 | D:2      | Reached XP level 3. HP: 25/25 MP: 6/6
   830 | D:2      | Reached skill level 5 in Stealth
   915 | D:2      | Found an oddly glowing altar of Pakellas.
   953 | D:2      | Noticed Jessica
   957 | D:2      | Killed Jessica
   957 | D:2      | Reached XP level 4. HP: 31/31 MP: 7/7
  1463 | D:2      | Learned a level 3 spell: Confuse
  1603 | D:3      | Reached skill level 6 in Stealth
  1722 | D:3      | Found a blossoming altar of Fedhas.
  1729 | D:3      | Found a shadowy altar of Dithmenos.
  1991 | D:3      | Noticed Crazy Yiuf
  2064 | D:4      | Reached XP level 5. HP: 19/36 MP: 2/9
  2465 | D:4      | Reached skill level 7 in Stealth
  2535 | D:4      | Found Qyci's Antique Weapon Shop.
  2544 | D:4      | Noticed an ogre
  2620 | D:4      | Killed an ogre
  2620 | D:4      | Reached skill level 1 in Ice Magic
  2620 | D:4      | Reached XP level 6. HP: 38/42 MP: 3/10
  2785 | D:5      | Entered Level 5 of the Dungeon
  2820 | D:5      | Reached skill level 8 in Stealth
  3338 | D:5      | Reached XP level 7. HP: 39/47 MP: 4/13
  3422 | D:5      | Reached skill level 9 in Stealth
  3916 | D:6      | Noticed Menkaure
  4030 | D:6      | Found an iron altar of Okawaru.
  4332 | D:6      | Found Fehadden's Jewellery Emporium.
  4365 | D:6      | Noticed Sigmund
  4373 | D:6      | Killed Sigmund
  4373 | D:6      | Reached skill level 10 in Stealth
  4373 | D:6      | Reached XP level 8. HP: 53/53 MP: 11/15
  4460 | D:6      | Reached skill level 1 in Fighting
  4531 | D:6      | Found a sacrificial altar of Ru.
  4531 | D:6      | Found a shattered altar of Ashenzari.
  4531 | D:6      | Found a basalt altar of Yredelemnul.
  4632 | D:6      | Noticed Grinder
  4638 | D:6      | Killed Grinder
  4661 | D:6      | Reached skill level 11 in Stealth
  4661 | D:6      | Reached skill level 5 in Spellcasting
  5144 | D:6      | HP: 2/54 [orc warrior/glaive (18)]
  5415 | D:7      | Reached XP level 9. HP: 59/59 MP: 3/17
  5576 | D:7      | Found a staircase to the Ecumenical Temple.
  5592 | Temple   | Entered the Ecumenical Temple
  5596 | Temple   | Became a worshipper of Sif Muna the Loreminder
  5886 | D:7      | Found Xipu's Weapon Boutique.
  5982 | D:8      | Reached skill level 12 in Stealth
  6199 | D:8      | Noticed Prince Ribbit
  6204 | D:8      | Killed Prince Ribbit
  6210 | D:8      | Reached skill level 13 in Stealth
  6350 | D:8      | Reached * piety under Sif Muna
  6350 | D:8      | Reached skill level 10 in Hexes
  6635 | D:9      | Found an iron altar of Okawaru.
  6738 | D:9      | Noticed an unseen horror
  6823 | D:9      | Reached XP level 10. HP: 67/67 MP: 19/19
  6840 | D:9      | Reached skill level 14 in Stealth
  6910 | D:9      | Killed an unseen horror
  6985 | D:9      | Noticed a hill giant
  6994 | D:9      | Killed a hill giant
  7072 | D:9      | Reached skill level 15 in Stealth
  7262 | D:9      | Gained mutation: You have a somewhat thin skeletal structure (Dex +2, Stealth). [potion of mutation]
  7262 | D:9      | Gained mutation: Potions and wands are less effective at restoring your health. [potion of mutation]
  7262 | D:9      | Gained mutation: Your system is resistant to poisons. [potion of mutation]
  7387 | D:10     | Entered Level 10 of the Dungeon
  7508 | D:10     | Noticed an elephant
  7689 | D:10     | Killed an elephant
  7930 | D:10     | Found a staircase to the Lair.
  8117 | D:10     | Reached skill level 1 in Shields
  8369 | D:10     | Reached ** piety under Sif Muna
  8398 | Lair:1   | Entered Level 1 of the Lair of Beasts
  8398 | Lair:1   | Noticed a black mamba
  8675 | Lair:1   | Noticed Harold
  8681 | Lair:1   | Killed Harold
  8681 | Lair:1   | Reached skill level 16 in Stealth
  8685 | Lair:1   | Reached XP level 11. HP: 70/72 MP: 17/22
  8819 | Lair:1   | Reached skill level 5 in Dodging
  8944 | Lair:1   | Learned a level 5 spell: Summon Mana Viper
  8947 | Lair:1   | Noticed Sonja
  8954 | Lair:1   | Killed Sonja
  9592 | Lair:1   | Learned a level 1 spell: Summon Butterflies
  9728 | Lair:2   | Reached skill level 17 in Stealth
  9809 | Lair:2   | Found a sparkling altar of Nemelex Xobeh.
 10300 | Lair:3   | Reached *** piety under Sif Muna
 10300 | Lair:3   | Reached skill level 5 in Ice Magic
 10403 | Lair:3   | Noticed Nergalle
 10410 | Lair:3   | Killed Nergalle
 10410 | Lair:3   | Reached skill level 18 in Stealth
 10900 | Lair:3   | Reached XP level 12. HP: 80/80 MP: 24/24
 11455 | Lair:4   | Noticed lorenzova's ghost (journeyman DECj)
 11585 | Lair:4   | Killed lorenzova's ghost
 12206 | Lair:4   | Reached skill level 19 in Stealth
 12372 | Lair:4   | Reached skill level 1 in Summonings
 12661 | Lair:4   | Reached **** piety under Sif Muna
 12964 | Lair:4   | Noticed a five-headed hydra
 12973 | Lair:4   | Killed a five-headed hydra
 13500 | Lair:5   | Noticed an eight-headed hydra
 13504 | Lair:5   | Killed an eight-headed hydra
 13756 | Lair:5   | Found a hole to the Spider Nest.
 13976 | Lair:5   | You fall through a shaft for 2 floors!
 14031 | Lair:5   | Reached skill level 20 in Stealth
 14191 | Lair:5   | Found a staircase to the Swamp.
 14301 | Lair:6   | Reached XP level 13. HP: 85/85 MP: 26/26
 14437 | Lair:6   | Noticed a dire elephant
 14437 | Lair:6   | Noticed a dire elephant
 14780 | Lair:6   | Killed a dire elephant
 14891 | Lair:6   | Reached ***** piety under Sif Muna
 16978 | Lair:7   | Reached skill level 5 in Short Blades
 18412 | Lair:7   | Found a viscous altar of Jiyva.
 18412 | Lair:7   | Found a staircase to the Slime Pits.
 19107 | D:7      | Bought the +9 dagger of Eternal War {pierce, rElec rF- rC+++ Dex-2} for 1029 gold pieces
 19510 | Lair:6   | Killed a dire elephant
 19510 | Lair:6   | Reached skill level 10 in Spellcasting
 19594 | Lair:8   | Entered Level 8 of the Lair of Beasts
 19707 | Lair:8   | Found a sacrificial altar of Ru.
 19901 | Lair:8   | Reached ****** piety under Sif Muna
 19915 | Lair:8   | Received a gift from Sif Muna
 19916 | Lair:8   | Identified Sif Muna's Handbook of Black Rites and Combat Magic (Sif Muna gifted it to you on level 8 of the Lair of Beasts)
 20058 | Lair:7   | Learned a level 5 spell: Dispel Undead
 20061 | Lair:8   | Reached skill level 5 in Summonings
 20204 | Lair:8   | Reached skill level 1 in Necromancy
 20824 | Lair:8   | Reached XP level 14. HP: 93/93 MP: 20/28
 21021 | Lair:8   | Learned a level 2 spell: Sublimation of Blood
 22083 | D:10     | Found a shattered altar of Ashenzari.
 22434 | D:11     | Found a staircase to the Orcish Mines.
 22492 | D:11     | Found a frozen archway.
 22645 | D:11     | Received a gift from Sif Muna
 22646 | D:11     | Identified Sif Muna's Compendium of Evil Rites (Sif Muna gifted it to you on level 11 of the Dungeon)
 22651 | IceCv    | Entered an ice cave
 23295 | IceCv    | Noticed a frost giant
 23325 | IceCv    | Killed a frost giant
 24108 | D:11     | Reached skill level 15 in Hexes
 24872 | D:6      | Bought the ring "Vucexaep" {rCorr Str+5 Dex+5} for 624 gold pieces
 25075 | Orc:1    | Entered Level 1 of the Orcish Mines
 25079 | Orc:1    | Found Wotaypnu's Antique Armour Emporium.
 25132 | Orc:1    | You fall through a shaft!
 25132 | Orc:2    | Entered Level 2 of the Orcish Mines
 25152 | Orc:2    | Found a burning altar of Makhleb.
 25212 | Orc:1    | Found Zekaehad's Weapon Shoppe.
 25225 | Orc:1    | Found Lahuff's Book Boutique.
 25529 | Orc:1    | You fall through a shaft!
 25529 | Orc:2    | Found a staircase to the Elven Halls.
 25547 | Orc:2    | Noticed Donald
 25560 | Orc:2    | Killed Donald
 25560 | Orc:2    | Reached skill level 5 in Necromancy
 26746 | D:12     | Received a gift from Sif Muna
 26747 | D:12     | Identified Sif Muna's Grimoire of Bewitching Self-Improvement (Sif Muna gifted it to you on level 12 of the Dungeon)
 26764 | D:12     | Learned a level 8 spell: Discord
 27628 | D:13     | Found Aratinn's Gadget Shop.
 27689 | D:13     | Noticed Kirke
 27717 | D:13     | Killed Kirke
 27857 | D:13     | Noticed Maud
 27868 | D:13     | Found a gate to the Vaults.
 27869 | D:13     | Killed Maud
 28185 | D:13     | Noticed Snorg
 28196 | D:13     | Killed Snorg
 28390 | D:14     | Reached XP level 15. HP: 98/98 MP: 25/30
 29686 | D:15     | Entered Level 15 of the Dungeon
 31737 | Swamp:1  | Entered Level 1 of the Swamp
 31841 | Swamp:1  | Found a glowing silver altar of Zin.
 32174 | Swamp:1  | Received a gift from Sif Muna
 32175 | Swamp:1  | Identified Sif Muna's Reference Book on Boosting Confrontation (Sif Muna gifted it to you on level 1 of the Swamp)
 32304 | Swamp:1  | Noticed Aizul
 32334 | Swamp:1  | Slain by a spriggan rider

Skill      XL: |  1  2  3  4  5  6  7  8  9 10 11 12 13 14 15 |
---------------+----------------------------------------------+-----
Hexes          | 5 6 8 9 10 11 12 14 15 17 | 17.4
Stealth        | 5 6 7 8 10 11 13 16 18 20 | 20.4
Spellcasting   | 3 4 5 6 7 8 9 10 11 12 | 12.9
Ice Magic      | 1 2 3 4 5 6 |  6.0
Dodging        | 3 4 5 6 8 9 |  9.3
Short Blades   | 2 3 4 5 |  5.4
Fighting       | 1 2 3 |  3.6
Shields        | 1 2 3 |  3.6
Summonings     | 3 5 7 |  7.8
Necromancy     | 1 5 |  5.3

Action                   |  1- 3 |  4- 6 |  7- 9 | 10-12 | 13-15 || total
-------------------------+-------+-------+-------+-------+-------++-------
Melee: Dagger            |    69 |    95 |   263 |   354 |   771 ||  1552
       Bite              |     3 |     7 |    14 |    27 |    54 ||   105
       Unarmed           |       |       |       |       |     3 ||     3
 Cast: Corona            |     7 |       |       |       |       ||     7
       Ensorcelled Hiber |    12 |    23 |    52 |   168 |   380 ||   635
       Confuse           |       |    18 |    28 |    48 |    73 ||   167
       Summon Butterflie |       |       |       |     3 |     7 ||    10
       Summon Mana Viper |       |       |       |     2 |   170 ||   172
       Dispel Undead     |       |       |       |       |     5 ||     5
 Abil: End Transformatio |       |     1 |     2 |     6 |    16 ||    25
       Bat Form          |       |     1 |     2 |     6 |    16 ||    25
  Use: Scroll            |       |     9 |     8 |    11 |    22 ||    50
       Potion            |       |     2 |    10 |     5 |    19 ||    36
 Stab: Sleeping          |    18 |    33 |    77 |   175 |   302 ||   605
       Confused          |       |     9 |    17 |    24 |    24 ||    74
       Distracted        |       |       |       |     2 |    11 ||    13
  Eat: Corpse            |       |       |     3 |       |     3 ||     6
Armor: Robe              |    12 |     9 |    17 |    62 |   129 ||   229
Dodge: Dodged            |    38 |    38 |    77 |   159 |   582 ||   894
Block: Buckler           |       |       |    22 |    87 |   367 ||   476
